Workbook

Sheet Сводная таблица
A5: СВОДНАЯ ТАБЛИЦА БЮДЖЕТА
B7: наименование проекта представленного НКО
A9: наименование Заявителя
A10: № п/п | B10: Статья расходов | C10: Запрашиваемая сумма | D10: Собственный вклад и вклад партнеров | E10: Итого
C11: руб. | D11: руб. | E11: руб.
A12: 1. | B12: Расходы на оплату труда работников НКО и специалистов по договорам ГПХ | C12: ='1. Оплата труда '!I12 -> 0 | D12: ='1. Оплата труда '!J12 -> 0 | E12: =C12+D12 -> 0
A13: 2. | B13: Административные расходы | C13: ='2. Административные'!G12 -> 0 | D13: ='2. Административные'!H12 -> 0 | E13: =C13+D13 -> 0
A14: 3. | B14: Командировочные расходы | C14: ='3. Командировочные'!H14 -> 0 | D14: ='3. Командировочные'!I14 -> 0 | E14: =C14+D14 -> 0
A15: 4. | B15: Транспортные расходы | C15: ='4. Транспорт'!G11 -> 0 | D15: ='4. Транспорт'!H11 -> 0 | E15: =C15+D15 -> 0
A16: 5. | B16: Приобретение, аренда оборудования, инвентаря и сопутствующие расходы | C16: ='5. Оборудование'!G11 -> 0 | D16: ='5. Оборудование'!H11 -> 0 | E16: =C16+D16 -> 0
A17: 6. | B17: Разработка и поддержка сайтов, информационных систем | C17: ='6. Сайт и ИС'!G10 -> 0 | D17: ='6. Сайт и ИС'!H10 -> 0 | E17: =C17+D17 -> 0
A18: 7. | B18: Расходные материалы | C18: ='7. Материалы'!G13 -> 0 | D18: ='7. Материалы'!H13 -> 0 | E18: =C18+D18 -> 0
A19: 8. | B19: Оплата услуг привлеченных специалистов/организаций на проведение/реализацию мероприятий проекта | C19: ='8. Услуги'!G23 -> 0 | D19: ='8. Услуги'!H23 -> 0 | E19: =C19+D19 -> 0
A20: 9. | B20: Издательские, полиграфические и сопутствующие расходы | C20: ='9. Полиграфия'!G12 -> 0 | D20: ='9. Полиграфия'!H12 -> 0 | E20: =C20+D20 -> 0
A21: 10. | B21: Иные расходы | C21: ='10. Иные'!G12 -> 0 | D21: ='10. Иные'!H12 -> 0 | E21: =C21+D21 -> 0
B22: ВСЕГО по статьям расходов: | C22: =SUM(C12:C21) -> 0 | D22: =SUM(D12:D21) -> 0 | E22: =C22+D22 -> 0
B23: ИТОГО общая стоимость проекта: | C23: =SUM(C22:C22) -> 0 | D23: =SUM(D22:D22) -> 0 | E23: =C23+D23 -> 0

Sheet 1. Оплата труда 
A1: 1. Расходы на оплату труда работников НКО и специалистов по договорам ГПХ
A2: Данная статья расходов включает в себя: | C2: оплату труда собственных сотрудников организации занятых в реализации Проекта, выплаты физическим лицам за выполнение работ по договорам ГПХ, налоги с фонда оплаты труда, страховые взносы
A4: № п/п | B4: *Должность сотрудника в проекте | C4: Кол-во сотрудников | D4: Заработная плата в месяц на одного сотрудника (с учетом НДФЛ) | E4: ***Ставка страховых взносов | F4: Сумма страховых взносов в месяц | G4: Период работы в проекте одного сотрудника | H4: Итого затраты | I4: В том числе: | K4: Обоснование (расчет) зарплаты
I5: Запрашиваемая сумма пожертвования | J5: Собственный вклад и вклад партнеров
C6: чел. | D6: руб. | E6: % | F6: руб. | G6: мес. | H6: руб. | I6: руб. | J6: руб.
F7: =D7*E7 -> 0 | H7: =(D7+F7)*C7*G7 -> 0
F8: =D8*E8 -> 0 | H8: =(D8+F8)*C8*G8 -> 0
F9: =D9*E9 -> 0 | H9: =(D9+F9)*C9*G9 -> 0
F10: =D10*E10 -> 0 | H10: =(D10+F10)*C10*G10 -> 0
F11: =D11*E11 -> 0 | H11: =(D11+F11)*C11*G11 -> 0
B12: ВСЕГО (в т.ч. НДФЛ): | C12: =SUM(C7:C11) -> 0 | D12: =SUM(D7:D11) -> 0 | F12: =SUM(F7:F11) -> 0 | H12: =SUM(H7:H11) -> 0 | I12: =SUM(I7:I11) -> 0 | J12: =SUM(J7:J11) -> 0
A14: * Расходы на оплату труда ссотрудников, занятых в проекте - указываются отдельно по каждой должности
A15: ** Рассчитывая эту статью, необходимо учесть, что срочные трудовые договоры, трудовые договоры будут приняты в качестве расходов при юридически корректном оформлении, при условии, что компенсационные и иные социальные выплаты, предусмотренные Трудовым законодательством РФ, будут производиться за счет собственных средств организации (за счет средств гранта данные расходы не могут быть произведены).
A16: ***Ставка страховых взносов указывается в соответствии с действующим законодательством РФ

Sheet 2. Административные
A1: 2. Административные расходы
A2: Данная статья расходов включает в себя: | C2: аренда нежилого помещения, в котором ведётся деятельность организации; коммунальные услуги; услуги связи; услуги банков; почтовые услуги; услуги банка и электронный документооборот
A4: № п/п | B4: Наименование расходов | C4: Ед. изм. | D4: Кол-во | E4: Стоимость за единицу | F4: Итого затраты | G4: В том числе: | I4: Пояснения необходимости расходов, количества, стоимости и пр.
G5: Запрашиваемая сумма пожертвования | H5: Собственный вклад и вклад партнеров
E6: руб. | F6: руб. | G6: руб. | H6: руб.
E7: 0 | F7: =D7*E7 -> 0
E8: 0 | F8: =D8*E8 -> 0
E9: 0 | F9: =D9*E9 -> 0
E10: 0 | F10: =D10*E10 -> 0
E11: 0 | F11: =D11*E11 -> 0
B12: ИТОГО: | E12: =SUM(E7:E11) -> 0 | F12: =SUM(F7:F11) -> 0 | G12: =SUM(G7:G11) -> 0 | H12: =SUM(H7:H11) -> 0

Sheet 3. Командировочные
A1: 3. Командировочные расходы
A2: Данная статья расходов включает в себя: | C2: проезд к месту командировки и обратно сотрудников, работающих по трудовым договорам, проживание, суточные сотрудникам НКО в размерах, установленных локальным нормативным актом
A3: Ограничения: | C3: недопустимые расходы за счет пожертвования: авиаперелет классом выше экономического (бизнес-класс, первый класс и пр.), проезд ж/д транспортом классом выше купе (СВ, люкс, первый класс), а также расходы за платный выбор места и страхование; проживание в номерах категории выше «Стандарт»
A5: №п/п | B5: Наименование расходов | C5: Кол-во людей | D5: Ед. изм. | E5: Кол-во на 1 чел. | F5: Стоимость за единицу | G5: Итого затраты | H5: В том числе: | J5: Пояснения необходимости расходов, количества, стоимости и пр.
H6: Запрашиваемая сумма пожертвования | I6: Собственный вклад и вклад партнеров
C7: чел. | F7: руб. | G7: руб. | H7: руб. | I7: руб.
F8: 0 | G8: =C8*E8*F8 -> 0
F9: 0 | G9: =C9*E9*F9 -> 0
F10: 0 | G10: =C10*E10*F10 -> 0
F11: 0 | G11: =C11*E11*F11 -> 0
F12: 0 | G12: =C12*E12*F12 -> 0
F13: 0 | G13: =C13*E13*F13 -> 0
B14: ИТОГО: | F14: =SUM(F8:F13) -> 0 | G14: =SUM(G8:G13) -> 0 | H14: =SUM(H8:H13) -> 0 | I14: =SUM(I8:I13) -> 0
B16: * Суточные для сотрудников организации, работающих по трудовым договорам, должны быть в пределах допустимых сумм. необлагаемых НДФЛ (700 рублей в сутки для командировок по России)

Sheet 4. Транспорт
A1: 4. Транспортные расходы
A2: Данная статья расходов включает в себя: | C2: доставка приобретенного оборудования и материалов, проезд приглашенных специалистов и организаторов, задействованных в мероприятиях проекта, включая авиаперелеты, проезд ж/д и автотранспортом, трансфер (такси) для приглашенных специалистов и организаторов, автобус для перевозки участников к месту проведения мероприятия и обратно и пр.
A4: № п/п | B4: Наименование расходов | C4: Кол-во поездок | D4: Продолжительность поездки | E4: Тариф | F4: Итого затраты | G4: В том числе: | I4: Пояснения необходимости расходов, количества, стоимости и пр.
G5: Запрашиваемая сумма пожертвования | H5: Собственный вклад и вклад партнеров
C6: шт. | D6: час. | E6: руб. | F6: руб. | G6: руб. | H6: руб.
F7: =C7*D7*E7 -> 0
F8: =C8*D8*E8 -> 0
F9: =C9*D9*E9 -> 0
F10: =C10*D10*E10 -> 0
B11: ИТОГО: | F11: =SUM(F7:F10) -> 0 | G11: =SUM(G7:G10) -> 0 | H11: =SUM(H7:H10) -> 0

Sheet 5. Оборудование
A1: 5. Приобретение, аренда оборудования, инвентаря и сопутствующие расходы
A2: Данная статья расходов включает в себя: | C2: приобретение и аренда компьютерной, видео-, аудио-, фототехники (в т.ч. компьютеры, ноутбуки, принтеры, планшеты, мобильные телефоны, видеокамеры, фотоаппараты, диктофоны, микшеры, устройства для хранения информации и др.), приобретение программного обеспечения, приобретение специализированного оборудования (медицинское, реабилитационное, игровое, обучающее, осветительные приборы и др.),мебель и сопутствующие расходы(услуги по монтажу, услуги по техническому обслуживанию и ремонту оборудования)
A4: № п/п | B4: Наименование оборудования | C4: Ед. изм. | D4: Кол-во | E4: Стоимость за единицу | F4: Итого затраты | G4: В том числе: | I4: Пояснения необходимости расходов, количества, стоимости и пр.
G5: Запрашиваемая сумма пожертвования | H5: Собственный вклад и вклад партнеров
E6: руб. | F6: руб. | G6: руб. | H6: руб.
E7: 0 | F7: =D7*E7 -> 0
E8: 0 | F8: =D8*E8 -> 0
E9: 0 | F9: =D9*E9 -> 0
E10: 0 | F10: =D10*E10 -> 0
B11: ИТОГО: | E11: =SUM(E7:E10) -> 0 | F11: =SUM(F7:F10) -> 0 | G11: =SUM(G7:G10) -> 0 | H11: =SUM(H7:H10) -> 0

Sheet 6. Сайт и ИС
A1: 6. Разработка и поддержка сайтов, информационных систем
A2: Данная статья расходов включает в себя: | C2: разработка и поддержка сайтов, информационных систем и иные аналогичные расходы
A3: № п/п | B3: Наименование расходов | C3: Ед. изм. | D3: Кол-во | E3: Стоимость за единицу | F3: Итого затраты | G3: В том числе: | I3: Пояснения необходимости расходов, количества, стоимости и пр.
G4: Запрашиваемая сумма (сумма пожертвования) | H4: Собственный вклад и вклад партнеров
E5: руб. | F5: руб. | G5: руб. | H5: руб.
E6: 0 | F6: =C6*D6*E6 -> 0
E7: 0 | F7: =C7*D7*E7 -> 0
E8: 0 | F8: =C8*D8*E8 -> 0
E9: 0 | F9: =C9*D9*E9 -> 0
B10: ИТОГО: | E10: =SUM(E6:E9) -> 0 | F10: =SUM(F6:F9) -> 0 | G10: =SUM(G6:G9) -> 0 | H10: =SUM(H6:H9) -> 0

Sheet 7. Материалы
A1: 7. Расходные материалы
A2: Данная статья расходов включает в себя: | C2: приобретение канцелярских и учебных товаров, расходы на комплектующие материалы к оборудованию, и расходные материалы в том числе к специализированному оборудованию
A3: Ограничения: | C3: недопустимые расходы за счет пожертвования: приобретение товаров и услуг, оборот которых запрещен законодательством Российской Федерации, алкогольной и табачной продукции, товаров, которые являются предметами роскоши, расходы, непосредственно не связанные с реализацией проекта, подарки (за исключением сувенирной продукции с логотипом проекта и/или получателя пожертвования), расходы на проведение официальных приемов, посещение культурно- зрелищных мероприятий, предоставление гражданам или организациям пожертвований/ грантов/ иной помощи в денежной форме, прямую гуманитарную и иную материальную помощь, а также расходы на оказание экстренной медицинской помощи отдельно взятым лицам
A5: № п/п | B5: Наименование товара | C5: Ед. изм. | D5: Кол-во | E5: Стоимость за единицу | F5: Итого затраты | G5: В том числе: | I5: Пояснения необходимости расходов, количества, стоимости и пр.
G6: Запрашиваемая сумма пожертвования | H6: Собственный вклад и вклад партнеров
E7: руб. | F7: руб. | G7: руб. | H7: руб.
E8: 0 | F8: =D8*E8 -> 0
E9: 0 | F9: =D9*E9 -> 0
E10: 0 | F10: =D10*E10 -> 0
E11: 0 | F11: =D11*E11 -> 0
E12: 0 | F12: =D12*E12 -> 0
B13: ИТОГО: | E13: 0 | F13: =SUM(F8:F12) -> 0 | G13: =SUM(G8:G12) -> 0 | H13: =SUM(H8:H12) -> 0

Sheet 8. Услуги
A1: 8. Оплата услуг привлеченных специалистов/организаций на проведение/реализацию мероприятий проекта
A2: Данная статья расходов включает в себя: | C2: услуги по проведению обучающих и других мероприятий проекта; аренда помещений и оборудования для проведения очных и дистанционных форматов мероприятий, организация фотосъемки, видеозаписи, прямой трансляции, услуги по обучению и повышению квалификации сотрудников НКО; услуги по оказанию информационных, консультационных и других аналогичных услуг, которые необходимы для реализации проекта и требуют профессиональных знаний; оплата услуг приглашённых специалистов, их проживание
A3: Ограничения: | C3: недопустимые расходы за счет пожертвования: приобретение товаров и услуг, оборот которых запрещен законодательством Российской Федерации, алкогольной и табачной продукции, товаров, которые являются предметами роскоши, расходы, непосредственно не связанные с реализацией проекта, прямую гуманитарную и иную материальную помощь, а также расходы на оказание экстренной медицинской помощи отдельно взятым лицам, подарки (за исключением сувенирной продукции с логотипом проекта и/или получателя пожертвования), представительские расходы, в том числе расходы на проведение официальных приемов, посещение культурно-зрелищных мероприятий, организация питания на мероприятиях, банкетное обслуживание (кроме обеспечения питьевой водой участников мероприятий и организации питания (добровольцев) волонтеров), разработка проектно-сметной документации, приобретение недвижимого имущества (включая земельные участки), капитальное строительство новых зданий, предоставление гражданам или организациям пожертвований/ грантов/ иной помощи в денежной форме
A5: № п/п | B5: Услуги специалистов, задействованных в мероприятиях проекта по договорам оказания услуг. (указанные в Заявке) | C5: Ед. изм. | D5: Кол-во | E5: Стоимость за единицу | F5: Итого затраты | G5: В том числе: | I5: Пояснения необходимости расходов, количества, стоимости и пр.
G6: Запрашиваемая сумма пожертвования | H6: Собственный вклад и вклад партнеров
E7: руб. | F7: руб. | G7: руб. | H7: руб.
E8: 0 | F8: =D8*E8 -> 0
E9: 0 | F9: =D9*E9 -> 0
E10: 0 | F10: =D10*E10 -> 0
E11: 0 | F11: =D11*E11 -> 0
E12: 0 | F12: =D12*E12 -> 0
B13: ИТОГО: | E13: =SUM(E8:E12) -> 0 | F13: =SUM(F8:F12) -> 0 | G13: =SUM(G8:G12) -> 0 | H13: =SUM(H8:H12) -> 0
A15: № п/п | B15: Наименование услуг иных специалистов/организаций | C15: Ед. изм. | D15: Кол-во | E15: Стоимость за единицу | F15: Итого затраты | G15: В том числе: | I15: Пояснения необходимости расходов, количества, стоимости и пр.
G16: Запрашиваемая сумма пожертвования | H16: Собственный вклад и вклад партнеров
E17: руб. | F17: руб. | G17: руб. | H17: руб.
E18: 0 | F18: =D18*E18 -> 0
E19: 0 | F19: =D19*E19 -> 0
E20: 0 | F20: =D20*E20 -> 0
E21: 0 | F21: =D21*E21 -> 0
B22: ИТОГО: | E22: =SUM(E12:E21) -> 0 | F22: =SUM(F12:F21) -> 0 | G22: =SUM(G12:G21) -> 0 | H22: =SUM(H12:H21) -> 0
B23: ИТОГО ПО РАЗДЕЛУ: | F23: =F13+F22 -> 0 | G23: =G13+G22 -> 0 | H23: =H13+H22 -> 0

Sheet 9. Полиграфия
A1: 9. Издательские, полиграфические и сопутствующие расходы
A2: Данная статья расходов включает в себя: | C2: подготовка макетов и изготовление афиш, брошюр, буклетов, журналов, календарей, книг, открыток, пригласительных билетов, сборников и пр.
A4: № п/п | B4: Наименование расходов | C4: Ед. изм. | D4: Кол-во | E4: Стоимость за единицу | F4: Итого затраты | G4: В том числе: | I4: Пояснения необходимости расходов, количества, стоимости и пр.
G5: Запрашиваемая сумма пожертвования | H5: Собственный вклад и вклад партнеров
E6: руб. | F6: руб. | G6: руб. | H6: руб.
E7: 0 | F7: =D7*E7 -> 0
E8: 0 | F8: =D8*E8 -> 0
E9: 0 | F9: =D9*E9 -> 0
E10: 0 | F10: =D10*E10 -> 0
E11: 0 | F11: =D11*E11 -> 0
B12: ИТОГО: | E12: =SUM(E7:E11) -> 0 | F12: =SUM(F7:F11) -> 0 | G12: =SUM(G7:G11) -> 0 | H12: =SUM(H8:H11) -> 0

Sheet 10. Иные
A1: 10. Иные расходы
A2: Данная статья расходов включает в себя: | C2: расходы, не вошедшие в другие статьи, но непосредственно связанные с реализацией проекта
A4: № п/п | B4: Наименование расходов | C4: Ед. изм. | D4: Кол-во | E4: Стоимость за единицу | F4: Итого затраты | G4: В том числе: | I4: Пояснения необходимости расходов, количества, стоимости и пр.
G5: Запрашиваемая сумма пожертвования | H5: Собственный вклад и вклад партнеров
E6: руб. | F6: руб. | G6: руб. | H6: руб.
E7: 0 | F7: =D7*E7 -> 0
E8: 0 | F8: =D8*E8 -> 0
E9: 0 | F9: =D9*E9 -> 0
E10: 0 | F10: =D10*E10 -> 0
E11: 0 | F11: =D11*E11 -> 0
B12: ИТОГО: | E12: =SUM(E7:E11) -> 0 | F12: =SUM(F7:F11) -> 0 | G12: =SUM(G7:G11) -> 0 | H12: =SUM(H7:H11) -> 0
